 Dungeon Sprint DCSS version 0.30-a0-210-g01b79a254e (webtiles) character file.

Game seed: 17232174125642327949

69 rocky1 the Chopper (level 4, -6/78 HPs)
             Began as an Ogre Gladiator on Oct 5, 2022.
             Was an Initiate of Okawaru.
             Mangled by Duvessa
             ... wielding a +0 rapier
              (11 damage)
             ... in the Dungeon (Sprint VII: "The Pits").
             The game lasted 00:00:52 (183 turns).

rocky1 the Chopper (Ogre Gladiator)                  Turns: 183, Time: 00:00:53

Health: -6/78      AC:  3    Str: 20    XL:     4   Next: 20%
Magic:  4/4        EV: 10    Int:  9    God:    Okawaru [......]
Gold:   0          SH:  0    Dex: 10    Spells: 3/3 levels left

rFire   . . .      SeeInvis .    a - +0 war axe
rCold   . . .      Faith    .    (no shield)
rNeg    . . .      Spirit   .    b - +0 robe
rPois   .          Reflect  .    c - +0 hat
rElec   .          Harm     .    (no cloak)
rCorr   .          Rampage  .    (gloves unavailable)
Will    .....      NoTele   +    (boots unavailable)
Stlth   ..........               (no amulet)
HPRegen 0.33/turn                (no ring)
MPRegen 0.09/turn                (no ring)

@: berserking (expiring), very quick
A: large, unfitting armour, tough skin 1
a: Renounce Religion


You were in the Dungeon.
You worshipped Okawaru.
Okawaru was noncommittal.
You visited 1 branch

Inventory:

Hand Weapons
 a - a +0 war axe (weapon)
Missiles
 d - 3 throwing nets (quivered)
 e - a large rock
Armour
 b - a +0 robe (worn)
 c - a +0 hat (worn)
Scrolls
 k - a scroll of blinking
 m - 5 scrolls of amnesia
Potions
 f - a potion of curing
 g - a potion of heal wounds
 h - a potion of haste
 i - 4 potions of magic
 j - 2 potions of berserk rage
 l - 2 potions of invisibility


   Skills:
 + Level 6.2 Fighting
 * Level 7.2 Axes
 - Level 2.0 Throwing
 - Level 2.6 Dodging


You had 3 spell levels left.
You didn't know any spells.
Your spell library was empty.

Dungeon Overview and Level Annotations

Branches:
Dungeon (1/1)

Altars:
Ashenzari
Cheibriados
Dithmenos
Elyvilon
Fedhas
Gozag
Hepliaklqana
Kikubaaqudgha
Makhleb
Nemelex Xobeh
Okawaru
Qazlal
Ru
Sif Muna
Trog
Uskayaw
Vehumet
Wu Jian
Xom
Yredelemnul
Zin
The Shining One
Jiyva
Lugonu

Annotations:
D Duvessa


Innate Abilities, Weirdness & Mutations

You are too large for most types of armour.
You have tough skin. (AC +1)


Message History

The endoplasm hits you.
You slash the endoplasm!
You kill the endoplasm!
Okawaru accepts your kill.
You closely miss Dowan. You slice Dowan!!
Dowan is almost dead.
Dowan hits you with a +4 dagger.
You closely miss Dowan.
Dowan is almost dead.
Dowan hits you with a +4 dagger!
You barely miss Dowan.
Dowan is almost dead.
Dowan hits you with a +4 dagger.
You slash Dowan!
You kill Dowan!
Okawaru is honoured by your kill.
You hear a distant scream of rage.
Your Fighting skill gained 2 levels and is now at level 6!
Your Axes skill gained 2 levels and is now at level 7!
You have reached level 3!
Your experience leads to an increase in your attributes!
Increase (S)trength, (I)ntelligence, or (D)exterity?
You feel stronger. x3
You have reached level 4!
You barely miss Duvessa.
Duvessa goes berserk!
Duvessa hits you with a +0 rapier.
* * * LOW HITPOINT WARNING * * *
You closely miss Duvessa. Duvessa closely misses you.
You barely miss Duvessa. Duvessa hits you with a +0 rapier.
* * * LOW HITPOINT WARNING * * *
You closely miss Duvessa. Duvessa hits you with a +0 rapier!
* * * LOW HITPOINT WARNING * * *
You slash Duvessa!
Duvessa is moderately wounded.
Duvessa closely misses you.
You slash Duvessa!
Duvessa is heavily wounded.
Duvessa hits you with a +0 rapier!
You die...

##########'##............
#.?(.')))'.##......#..#..
##########.##............
#...........'............
#+#####)#####....†.#..#..
#J #.).'.##............
#..#...#.#####'#####++#
#.J#####)##.......#
#..'...#@##.......#
#..'..)e.##.......#
#..########...<...# #.
#.......# # #.......#
#.......# #########


You could see Duvessa (berserk).

Vanquished Creatures
  Dowan (D)
  A gnoll (D)
  An ufetubus (D)
  An orc (D)
  A bat (D)
  An endoplasm (D)
  A ball python skeleton (D)
  2 kobolds (D)
9 creatures vanquished.

Notes
Turn   | Place    | Note
-------+----------+-------------------------------------------
     0 | D        | rocky1 the Ogre Gladiator began the quest for the Orb.
     0 | D        | Reached XP level 1. HP: 22/22 MP: 1/1
    34 | D        | Found a bloodstained altar of Trog.
    34 | D        | Found a shimmering blue altar of Sif Muna.
    34 | D        | Found a viscous altar of Jiyva.
    34 | D        | Found a hazy altar of Hepliaklqana.
    34 | D        | Found an opulent altar of Gozag.
    35 | D        | Found a glowing golden altar of the Shining One.
    35 | D        | Found a glowing silver altar of Zin.
    35 | D        | Found a basalt altar of Yredelemnul.
    35 | D        | Found a shimmering altar of Xom.
    35 | D        | Found an ornate altar of the Wu Jian Council.
    35 | D        | Found a sacrificial altar of Ru.
    35 | D        | Found a stormy altar of Qazlal.
    35 | D        | Found an iron altar of Okawaru.
    35 | D        | Found a sparkling altar of Nemelex Xobeh.
    35 | D        | Found a burning altar of Makhleb.
    35 | D        | Found a blossoming altar of Fedhas.
    35 | D        | Found a white marble altar of Elyvilon.
    35 | D        | Found a shadowy altar of Dithmenos.
    35 | D        | Found a snail-covered altar of Cheibriados.
    38 | D        | Found a corrupted altar of Lugonu.
    38 | D        | Found a radiant altar of Vehumet.
    39 | D        | Found an ancient bone altar of Kikubaaqudgha.
    39 | D        | Found a hide-covered altar of Uskayaw.
    39 | D        | Found a broken altar of Ashenzari.
    43 | D        | Became a worshipper of Warmaster Okawaru
    77 | D        | Reached skill level 4 in Axes
    81 | D        | Reached skill level 5 in Axes
    81 | D        | Reached XP level 2. HP: 16/32 MP: 2/2
   160 | D        | Noticed Dowan
   162 | D        | Noticed Duvessa
   177 | D        | Killed Dowan
   178 | D        | Reached skill level 7 in Axes
   178 | D        | Reached XP level 3. HP: 22/44 MP: 3/3
   178 | D        | Reached XP level 4. HP: 26/52 MP: 4/4
   183 | D        | Mangled by Duvessa

Illustrated notes

Levels and vault maps discovered:
D:        pitsprint [storerooms_1, entrance_room_1, metal_vault_4, armoury_1,
          mini_pit_1, grid_room_1, main_hall_1, silver_pit, the_coven_1,
          the_vestibule_1, steel_vault_2, golden_pit, hallway_of_sentries,
          crystal_vault_5, iron_vault_2, final_vault]

Skill      XL: |  1  2 |
---------------+-------+-----
Fighting       | 4 6 |  6.2
Axes           | 5 7 |  7.2
Throwing       | |  2.0
Dodging        | |  2.6

Action                   |  1- 3 |  4- 6 || total
-------------------------+-------+-------++-------
Melee: War axe           |    23 |     6 ||    29
  Use: Potion            |     1 |       ||     1
Armor: Robe              |    11 |       ||    11
Dodge: Dodged            |    14 |     2 ||    16

Table legend: (Time is in decaauts)
 A = Elapsed time spent in this place.
 B = Non-inter-level travel time spent in this place.
 C = Inter-level travel time spent in this place.
 D = Time resting spent in this place.
 E = Time spent auto-exploring this place.
 F = Levels seen in this place.
 G = Mean time per level.
                   A        B        C        D        E       F      G
               +--------+--------+--------+--------+--------+-----+--------+
         Total |    186 |    176 |     10 |     60 |      0 |   1 |  186.0 |
       Dungeon |    186 |    176 |     10 |     60 |      0 |   1 |  186.0 |
               +--------+--------+--------+--------+--------+-----+--------+

Top non-repeatable levels by time:
       D: 186 daAuts
